 Dungeon Crawl Stone Soup version 0.28-a0-1404-g4df0f3684d (webtiles) character file.

Game seed: 913055633796473028

40 wakim the Gusty (level 3, -4/19 HPs)
             Began as a Tengu Air Elementalist on Jan 5, 2022.
             Slain by Menkaure (23 damage)
             ... on level 4 of the Dungeon.
             The game lasted 00:06:42 (2017 turns).

wakim the Gusty (Tengu Air Elementalist)            Turns: 2017, Time: 00:06:42

Health: -4/19      AC:  4    Str:  8    XL:     3   Next: 50%
Magic:  4/7        EV: 12    Int: 17    God:
Gold:   84         SH:  0    Dex: 14    Spells: 3/6 levels left

rFire   . . .      SeeInvis .   (no weapon)
rCold   + . .      Faith    .   (no shield)
rNeg    + . .      Spirit   .   j - +1 robe "Hafayq" {rPois rC+ rN+}
rPois   +          Reflect  .   (helmet restricted)
rElec   .          Harm     .   b - +0 cloak
rCorr   .          Rampage  .   (no gloves)
Will    .....                   (boots unavailable)
Stlth   ++........              (no amulet)
HPRegen 0.06/turn               (no ring)
MPRegen 0.10/turn               (no ring)

@: very slightly contaminated
A: beak, talons 3
a: no special abilities


You were on level 4 of the Dungeon.
You visited 1 branch of the dungeon, and saw 4 of its levels.

You collected 84 gold pieces.

Inventory:

Hand Weapons
 a - a +1 dagger of venom
Armour
 b - a +0 cloak (worn)
 j - the +1 robe "Hafayq" (worn) {rPois rC+ rN+}
   (You found it on level 2 of the Dungeon)

   rC:        It protects you from cold.
   rPois:     It protects you from poison.
   rN:        It protects you from negative energy.
Scrolls
 C - a scroll of immolation {unknown}
Potions
 c - a potion of curing {unknown}
 d - 2 potions of degeneration {unknown}
 f - 2 potions of magic {unknown}
 i - a potion of heal wounds {unknown}
 l - a potion of ambrosia {unknown}
 B - 2 potions of attraction {!q}


   Skills:
 - Level 2.1 Dodging
 - Level 2.0 Stealth
 - Level 2.0 Spellcasting
 + Level 3.2 Conjurations
 + Level 5.0 Air Magic


You had 3 spell levels left.
You knew the following spells:

 Your Spells              Type           Power      Damage    Failure   Level
a - Shock                 Conj/Air       60%        1d6       3%          1
d - Static Discharge      Conj/Air       15%        N/A       5%          2

Your spell library contained the following spells:

 Spells                   Type           Power      Damage    Failure   Level
 Magic Dart               Conj           48%        1d5       5%          1
 Searing Ray              Conj           24%        2d5       8%          2
 Swiftness                Air            18%        N/A       8%          3
 Ensorcelled Hibernation  Hex/Ice        2%         N/A       28%         2
 Spider Form              Tmut/Pois      1%         N/A       50%         3
 Airstrike                Air            9%         N/A       24%         4
 Fulminant Prism          Conj/Hex       3%         3d6       69%         4


Dungeon Overview and Level Annotations

Branches:
Dungeon (3/15)

Altars:
Hepliaklqana

Annotations:
D:4 Menkaure


Innate Abilities, Weirdness & Mutations

You have a beak for a mouth.
You have claws for feet.


Message History

The kobold shouts!
There is an open door here.
The zap hits the kobold.
The kobold is severely wounded.
The zap misses the kobold.
The kobold misses you.
The zap hits the kobold.
You kill the kobold!
You open the door.
Things that are here:
a +0 club; a kobold corpse
There is an open door here.
An endoplasm comes into view.
The zap hits the endoplasm.
The endoplasm is heavily wounded.
The endoplasm quivers.
The zap hits the endoplasm.
The endoplasm is severely wounded.
The zap hits the endoplasm.
The endoplasm is almost dead.
The zap hits the endoplasm.
You kill the endoplasm!
You hear the slow rusting of a distant drain.
Magic restored.
Menkaure, Prince of Dust comes into view.
Menkaure shouts!
You hear the slow rusting of a distant drain.
There is an open door here.
Casting: Shock (safe; 3% risk of failure)
Confirm with . or Enter, or press ? or * to list all spells.
Aiming: Shock (safe; 3% risk of failure)
Press: ? - help, Shift-Dir - straight line The zap hits Menkaure.
Menkaure is lightly damaged.
Casting: Shock (safe; 3% risk of failure)
Confirm with . or Enter, or press ? or * to list all spells.
You miscast Static Discharge.
You are very lightly contaminated with residual magic.
Nothing appears to happen.
Menkaure hits you!!
Ouch! That really hurt!
You die...

###.....+..+###+###+..'.#
...#.# #..#.+...+ #..#.#
###..####..#.#...#
#..#.#####
#..##.'##'.#._.#
+##+.....#
#.....#..#.#...# #.###.#
#.##..#..#.'...+ #.# #.#
#.##..+..+###'###+ +.#
#.#####
.....##..#...)...# ###
#......
.#.#####..#....@..#
#...... .#.#
###+###M###+# #.####+ #
#. #.##..# #.# #....##
#.# #.#####M########.#
#............##.#
##.....####..##.#
#......M.M...##.
#.#####.###...#


You could see Menkaure.

Vanquished Creatures
  An adder (D:2)
  3 bats
  4 endoplasms
  2 giant cockroaches (D:2)
  A goblin (D:2)
  3 hobgoblins (D:2)
  3 kobolds
  2 quokkas
  5 ball pythons
  2 frilled lizards (D:2)
  A rat (D:1)
27 creatures vanquished.

Notes
Turn   | Place    | Note
-------+----------+-------------------------------------------
     0 | D:1      | wakim the Tengu Air Elementalist began the quest for the
                  | Orb.
     0 | D:1      | Reached XP level 1. HP: 10/10 MP: 4/4
   835 | D:1      | Found a faded altar of an unknown god.
   894 | D:2      | Reached XP level 2. HP: 15/15 MP: 4/6
  1015 | D:2      | Learned a level 2 spell: Static Discharge
  1209 | D:2      | Reached XP level 3. HP: 11/19 MP: 0/7
  1352 | D:2      | Identified the +1 robe "Hafayq" {rPois rC+ rN+}
  1610 | D:2      | Reached skill level 5 in Air Magic
  1857 | D:3      | You fall into a shaft and drop 1 floor!
  1934 | D:4      | Found a hazy altar of Hepliaklqana.
  2005 | D:4      | Noticed Menkaure
  2017 | D:4      | Slain by Menkaure

Illustrated notes

Levels and vault maps discovered:
D:1:      co_arrival_random_square_maze, layout_loops_ring,
          shapermc_ecumenical_altar_mp_vishouse
D:2:      layout_basic, due_unseen_surprise
D:3:      layout_basic, uniq_jessica, uniq_ijyb, uniq_sigmund
D:4:      layout_loops_ring, mainiacjoe_overflow_24_doors,
          gup_sewer_entry_glass, nrook_mini_vaults, minmay_pentangle,
          uniq_menkaure

Skill      XL: |  1  2  3 |
---------------+----------+-----
Conjurations   | 2 3 |  3.2
Air Magic      | 5 |  5.0
Dodging        | |  2.1
Stealth        | |  2.0
Spellcasting   | |  2.0

Action                   || total
-------------------------++-------
 Cast: Shock             ||    52
       Static Discharge  ||     3
  Use: Scroll            ||     4
Armor: Robe              ||     4
Dodge: Dodged            ||     5

Table legend: (Time is in decaauts)
 A = Elapsed time spent in this place.
 B = Non-inter-level travel time spent in this place.
 C = Inter-level travel time spent in this place.
 D = Time resting spent in this place.
 E = Time spent auto-exploring this place.
 F = Levels seen in this place.
 G = Mean time per level.
                   A        B        C        D        E       F      G
               +--------+--------+--------+--------+--------+-----+--------+
         Total |   2016 |   1957 |     59 |    128 |   1478 |   4 |  504.0 |
       Dungeon |   2016 |   1957 |     59 |    128 |   1478 |   4 |  504.0 |
               +--------+--------+--------+--------+--------+-----+--------+

Top non-repeatable levels by time:
     D:2: 936 daAuts
     D:1: 880 daAuts
     D:4: 159 daAuts
     D:3: 39 daAuts
